 Dungeon Crawl Stone Soup version 0.23-a0-667-gc184e93 (console) character file.

46 Duffy the Conjurer (level 3, -1/24 HPs)
             Began as a Demonspawn Fire Elementalist on Jan 8, 2019.
             Slain by an orc
             ... wielding a +0 trident
              (8 damage)
             ... on level 2 of the Dungeon.
             The game lasted 00:02:06 (1865 turns).

Duffy the Conjurer (Demonspawn Fire Elementalist)   Turns: 1865, Time: 00:02:07

Health: -1/24      AC:  2    Str: 10    XL:     3   Next: 44%
Magic:  3/6        EV: 12    Int: 17    God:
Gold:   45         SH:  0    Dex: 13    Spells: 2/6 levels left

rFire    . . .     SeeInvis .   h - +0 dagger
rCold    . . .     Gourm    .   (no shield)
rNeg     . . .     Faith    .   a - +0 robe
rPois    .         Spirit   .   (no helmet)
rElec    .         Reflect  .   j - scarf {repulsion}
rCorr    .         Harm     .   (no gloves)
MR       .....                  (no boots)
Stlth    +.........             (no amulet)
HPRegen  0.08/turn              g - +2 ring of strength
MPRegen  0.10/turn              m - ring of attention (curse)

@: very slightly contaminated, repel missiles
A: hooves 1
a: no special abilities


You were on level 2 of the Dungeon.
You were not hungry.

You visited 1 branch of the dungeon, and saw 2 of its levels.

You collected 45 gold pieces.

Inventory:

Hand Weapons
 d - a +0 club
 h - a +0 dagger (weapon)
Armour
 a - a +0 robe (worn)
 j - a scarf of repulsion (worn)
Jewellery
 g - a +2 ring of strength (left hand)
 m - a cursed ring of attention (right hand)
Scrolls
 i - 2 scrolls of teleportation {unknown}
 k - a scroll of blinking {unknown}
 l - 2 scrolls of identify {unknown}
Potions
 b - a potion of agility {unknown}
 e - a potion of resistance {unknown}
Comestibles
 c - 3 rations
 f - 4 chunks of flesh


   Skills:
 - Level 1.7 Dodging
 - Level 1.7 Stealth
 + Level 2.0 Spellcasting
 - Level 3.3 Conjurations
 + Level 2.7 Fire Magic


You had 2 spell levels left.
You knew the following spells:

 Your Spells              Type           Power        Failure   Level  Hunger
h - Flame Tongue          Conj/Fire      ##...        5%          1    #......
l - Conjure Flame         Conj/Fire      ##......     17%         3    ###....

Your spell library contained the following spells:

 Spells                   Type           Power        Failure   Level  Hunger
 Throw Flame              Conj/Fire      ##....       9%          2    ###....
 Inner Flame              Hex/Fire       #.......     32%         3    ###....
 Sticky Flame             Conj/Fire      ##......     50%         4    #####..
 Fireball                 Conj/Fire      ##........   83%         5    ######.


Dungeon Overview and Level Annotations

Branches:
Dungeon (2/15)

Altars:


Innate Abilities, Weirdness & Mutations

You have large cloven feet.


Message History

The orc is heavily wounded.
The orc priest shouts!
The goblin shouts!
Casting: Flame Tongue (safe; 5% risk of failure)
Confirm with . or Enter, or press ? or * to list all spells.
Aiming: Flame Tongue (safe; 5% risk of failure)
Press: ? - help, Shift-Dir - straight line, f/p - orc
Aim: an orc, wielding a +0 trident (heavily wounded)
You miscast Flame Tongue.
You are very lightly contaminated with residual magic.
You have a brief vision of globes of primordial fire.
The orc hits you from afar with a +0 trident!
The orc priest barely misses you.
Casting: Flame Tongue (safe; 5% risk of failure)
Confirm with . or Enter, or press ? or * to list all spells.
Aiming: Flame Tongue (safe; 5% risk of failure)
Press: ? - help, Shift-Dir - straight line, f/p - orc
Aim: an orc, wielding a +0 trident (heavily wounded)
The flame tongue hits the orc priest.
The orc priest appears unharmed.
The orc hits you from afar with a +0 trident!
You die...

.....#####...........#
.....[...............#
....#...............##
....#.........#......#
......####...........#
......# #......#....#
......# .........####
........# .......@#
........oooo...
...........o...
...............
####.....##..%.
......# .g.. ...#...#
#.. ........# ..


You could see 2 orc priests, 2 orc wizards, an orc and a goblin.

Vanquished Creatures
  An ooze (D:1)
  2 dart slugs (D:1)
  2 leopard geckos (D:1)
  A giant cockroach (D:2)
  10 goblins
  4 hobgoblins
  4 jackals (D:1)
  A ball python (D:1)
  2 frilled lizards (D:1)
  4 rats (D:1)
31 creatures vanquished.

Notes
Turn   | Place    | Note
-------+----------+-------------------------------------------
     0 | D:1      | Duffy the Demonspawn Fire Elementalist began the quest for
                  | the Orb.
     0 | D:1      | Reached XP level 1. HP: 13/13 MP: 3/3
   288 | D:1      | Reached skill level 2 in Conjurations
   299 | D:1      | Gained mutation: You have large cloven feet. [demonic
                  | ancestry]
   299 | D:1      | Reached XP level 2. HP: 4/19 MP: 1/5
   964 | D:1      | Reached skill level 3 in Conjurations
  1093 | D:1      | Reached XP level 3. HP: 20/24 MP: 4/6
  1098 | D:1      | Learned a level 3 spell: Conjure Flame
  1865 | D:2      | Slain by an orc

Vault maps used:
D:1:      matt_arrival_spirals
D:2:      cheibrodos_pilgrimage

Skill      XL: |  1  2 |
---------------+-------+-----
Conjurations   | 2 3 |  3.3
Dodging        | |  1.7
Stealth        | |  1.7
Spellcasting   | |  2.0
Fire Magic     | |  2.7

Action                   || total
-------------------------++-------
Melee: Club              ||    17
 Cast: Flame Tongue      ||    56
  Eat: Chunk             ||     4
Armor: Robe              ||     3
Dodge: Dodged            ||    30

Table legend:
 A = Non-vault XP
 B = Vault XP
 C = Vault XP percentage of total XP
 D = Non-vault monster count
 E = Vault monster count
 F = Vault count percentage of total count
                 A         B        C        D         E       F
            +---------+---------+-------+---------+---------+-------
      Total |      66 |       0 |   0.0 |      31 |       0 |   0.0
            +---------+---------+-------+---------+---------+-------
        D:1 |      58 |       0 |   0.0 |      27 |       0 |   0.0
        D:2 |       8 |       0 |   0.0 |       4 |       0 |   0.0
            +---------+---------+-------+---------+---------+-------
